 Dungeon Crawl Stone Soup version 0.29.1-1-gd02db6906a (webtiles) character file.

Game seed: 17848549621382261539

256115 Icepheonix32 the Slayer (level 19, -3/256 HPs)
             Began as a Minotaur Fighter on Sept 19, 2022.
             Was the Champion of Okawaru.
             Slain by a vault guard
             ... wielding a +0 long sword
              (7 damage)
             ... on level 4 of the Vaults on Sept 20, 2022.
             The game lasted 01:47:04 (44597 turns).

Icepheonix32 the Slayer (Minotaur Fighter)         Turns: 44597, Time: 01:47:05

Health: -3/256     AC: 41    Str: 48    XL:     19   Next: 44%
Magic:  27/27      EV: 13    Int: 11    God:    Okawaru [******]
Gold:   3830       SH: 18    Dex: 18    Spells: 18/18 levels left

rFire   + + .      SeeInvis +   H - +11 flail of Devotion {drain, rC+ SInv}
rCold   + . .      Faith    .   p - +0 kite shield
rNeg    . . .      Spirit   .   m - +14 plate armour of Ninaxt {Rampage rF+ Str+3}
rPois   .          Reflect  +   r - +3 crown of Dyrovepreva {rElec Int+2 SInv}
rElec   +          Harm     .   k - +2 cloak {rCorr}
rCorr   +          Rampage  +   q - +2 pair of gloves {Str+3}
Will    +....      Rage     3%  b - +0 pair of boots
Stlth   ..........              s - amulet "Usul" {Reflect Str+4 Int+4 SH+5}
HPRegen 0.52/turn               U - ring "Rori" {rF+ Str+6 Dex+5}
MPRegen 0.20/turn               Y - +6 ring of strength

@: mighty, berserking (expiring), corroded, studying 2 skills, very quick
A: horns 2, retaliatory headbutt, berserk 1, frail 1
}: 1/15 runes: decaying
a: Renounce Religion, Heroism, Finesse, Duel


You were on level 4 of the Vaults.
You worshipped Okawaru.
Okawaru was exalted by your worship.
You visited 6 branches of the dungeon, and saw 31 of its levels.
You visited the Abyss 1 time.
You also visited: Ice Cave.

You collected 6558 gold pieces.
You spent 2728 gold pieces at shops.

Inventory:

Hand Weapons
 c - a +5 quarterstaff of speed
 o - the +8 eveningstar of Death's Door {spect, MP+9}
   (Okawaru gifted it to you on level 4 of the Vaults)

   When its wielder attacks, the weapon's spirit leaps out and strikes again.
   The spirit shares a part of any damage it takes with its wielder.
   MP:        It affects your magic capacity (+9).
 C - a +3 antimagic mace
 H - the +11 flail of Devotion (weapon) {drain, rC+ SInv}
   (You found it on level 1 of the Orcish Mines)

   A truly terrible weapon, it drains the life of any living foe it strikes.
   rC:        It protects you from cold.
   SInv:      It lets you see invisible.
Missiles
 B - 19 boomerangs (quivered)
 F - a throwing net
 S - 4 curare-tipped darts
Armour
 b - a +0 pair of boots (worn)
 k - a +2 cloak of preservation (worn)
 m - the +14 plate armour of Ninaxt (worn) {Rampage rF+ Str+3}
   (Okawaru gifted it to you on level 4 of the Vaults)

   Str:       It affects your strength (+3).
   rF:        It protects you from fire.
   Rampage:   It bestows one free step when moving towards enemies.
 p - a +0 kite shield (worn)
 q - a +2 pair of gloves of strength (worn)
 r - the +3 crown of Dyrovepreva (worn) {rElec Int+2 SInv}
   (You found it on level 2 of the Dungeon)

   Int:       It affects your intelligence (+2).
   rElec:     It insulates you from electricity.
   SInv:      It lets you see invisible.
 v - the +0 tower shield of Daffodils {rN+ Slay+3}
   (Okawaru gifted it to you on level 4 of the Vaults)

   Slay:      It affects your accuracy & damage with ranged weapons and melee
   (+3).
   rN:        It protects you from negative energy.
 A - +0 swamp dragon scales
 K - +1 ice dragon scales
Jewellery
 l - a ring of willpower
 s - the amulet "Usul" (around neck) {Reflect Str+4 Int+4 SH+5}
   (You acquired it on level 15 of the Dungeon)

   [amulet of reflection]

   It reflects blocked missile attacks.
   Str:       It affects your strength (+4).
   Int:       It affects your intelligence (+4).
   SH:        It affects your SH (+5).
 u - a ring of protection from fire
 D - a +6 ring of dexterity
 O - a ring of flight
 R - a ring of positive energy
 U - the ring "Rori" (left hand) {rF+ Str+6 Dex+5}
   (You found it on level 15 of the Dungeon)

   [ring of strength]

   Str:       It affects your strength (+6).
   Dex:       It affects your dexterity (+5).
   rF:        It protects you from fire.
 Y - a +6 ring of strength (right hand)
Wands
 t - a wand of paralysis (23)
 y - a wand of flame (35)
 z - a wand of roots (14)
 E - a wand of digging (3)
 I - a wand of quicksilver (25)
Scrolls
 f - 9 scrolls of fear
 g - 8 scrolls of teleportation
 x - 7 scrolls of poison
 L - 5 scrolls of silence
 N - 2 scrolls of immolation
 Q - 5 scrolls of blinking
 T - 9 scrolls of magic mapping
 Z - 17 scrolls of identify
Potions
 e - 7 potions of resistance
 h - 2 potions of haste
 i - 5 potions of lignification
 j - 9 potions of curing
 n - 6 potions of magic
 w - 5 potions of cancellation
 J - 2 potions of berserk rage
 P - 13 potions of ambrosia
 V - a potion of brilliance
 X - 6 potions of mutation
Miscellaneous
 a - a phial of floods
 G - a lightning rod (4/4)
 W - a condenser vane


   Skills:
 + Level 21.7 Fighting
 - Level 2.9(11.7) Axes
 + Level 17.3(18.9) Maces & Flails
 - Level 12.5(16.4) Staves
 + Level 4.6 Throwing
 * Level 19.0 Armour
 + Level 8.1 Dodging
 + Level 3.6 Stealth
 * Level 11.2 Shields
 + Level 12.6 Invocations
 + Level 10.1 Evocations


You had 18 spell levels left.
You didn't know any spells.
Your spell library contained the following spells:

 Spells                   Type           Power      Damage    Failure   Level
 Foxfire                  Conj/Fire      0%         2x1d4     88%         1
 Freeze                   Ice            0%         1d3       88%         1
 Magic Dart               Conj           0%         1d3       88%         1
 Blink                    Tloc           0%         N/A       96%         2
 Ensorcelled Hibernation  Hex/Ice        0%         N/A       96%         2
 Static Discharge         Conj/Air       0%         3-3/arc   96%         2
 Sublimation of Blood     Necr           0%         N/A       96%         2
 Conjure Flame            Conj/Fire      0%         6-21      99%         3
 Frozen Ramparts          Ice            0%         1d1       99%         3
 Inner Flame              Hex/Fire       0%         N/A       99%         3
 Lesser Beckoning         Tloc           0%         N/A       99%         3
 Mephitic Cloud           Conj/Pois/Air  0%         N/A       99%         3
 Portal Projectile        Hex/Tloc       0%         N/A       99%         3
 Spider Form              Tmut/Pois      0%         N/A       99%         3
 Anguish                  Hex/Necr       0%         N/A       100%        4
 Cause Fear               Hex            0%         N/A       100%        4
 Dispel Undead            Necr           0%         3d6       100%        4
 Flame Wave               Conj/Fire      0%         2d4       100%        4
 Hailstorm                Conj/Ice       0%         3d3       100%        4
 Leda's Liquefaction      Hex/Erth       0%         N/A       100%        4
 Petrify                  Tmut/Erth      0%         N/A       100%        4
 Sticky Flame             Conj/Fire      0%         2d3       100%        4
 Alistair's Intoxication  Tmut/Pois      0%         N/A       100%        5
 Borgnjor's Vile Clutch   Necr/Erth      0%         N/A       100%        5
 Irradiate                Conj/Tmut      0%         3d11      100%        5
 Manifold Assault         Tloc           0%         N/A       100%        5
 Eringya's Noxious Bog    Tmut/Pois      0%         N/A       100%        6
 Dragon Form              Tmut           0%         N/A       100%        7
 Call Imp                 Summ           Unusable   N/A       N/A         2
 Call Canine Familiar     Summ           Unusable   N/A       N/A         3
 Dragon's Call            Summ           Unusable   N/A       N/A         9

Dungeon Overview and Level Annotations

Branches:
Dungeon (15/15)            Temple (1/1) D:6            Lair (5/5) D:8
  Swamp (4/4) Lair:3       Spider (0/4) Lair:3        Slime (0/5) Lair:5
    Orc (2/2) D:10            Elf (0/3) Orc:2        Vaults (5/5) D:13
 Depths (0/4) D:15          IceCv (visited)
  Crypt: Vaults:2-3

Altars:
Ashenzari
Cheibriados
Dithmenos
Elyvilon
Fedhas
Gozag
Hepliaklqana
Kikubaaqudgha
Makhleb
Nemelex Xobeh
Okawaru
Qazlal
Ru
Sif Muna
Trog
Uskayaw
Vehumet
Wu Jian
Xom
Yredelemnul
Zin
The Shining One

Shops:
D:12 [   Orc:2 ([(:

Portals:
Trove: D:12 (give 7 potions of haste)


Innate Abilities, Weirdness & Mutations

You have a pair of horns on your head.
You reflexively headbutt those who attack you in melee.
You sometimes lose your temper in combat.
You are frail. (-10% HP)


Message History

The vault guard hits you with a +0 war axe!
* * * LOW HITPOINT WARNING * * *
The vault guard closely misses you.
The vault guard hits you with a +0 bardiche.
* * * LOW HITPOINT WARNING * * *
You block the vault warden's attack.
You pound the vault warden like an anvil!!!
You headbutt the vault warden, but do no damage.
The vault warden is heavily wounded.
You hear a shout!
You flatten the vault warden like a pancake!!!
You kill the vault warden!
Okawaru accepts your kill.
The runic seals fade away.
The quicksilver ooze changes into a tyrant leech!
You block the unseen horror's attack. You block the vault guard's attack. x2
The vault guard hits you with a +2 war axe!
* * * LOW HITPOINT WARNING * * *
The vault guard hits you with a +0 great mace.
* * * LOW HITPOINT WARNING * * *
The vault guard misses you.
The vault guard hits you but does no damage.
The vault guard closely misses you. You furiously retaliate!
You headbutt the vault guard!
You block the unseen horror's attack. x2
You climb upwards.
You feel a strong urge to attack something.
There is a stone staircase leading down, spattered with blood here.
Unknown command.
Unknown command.
You bludgeon the vault guard!! Your headbutt misses the vault guard.
The vault guard is heavily wounded.
You block the vault guard's attack.
The vault guard hits you with a +0 great mace!
* * * LOW HITPOINT WARNING * * *
You block the vault guard's attack.
The vault guard hits you with a +2 war axe!
* * * LOW HITPOINT WARNING * * *
The vault guard hits you with a +0 long sword!
You die...

### #............'.#'....### ###
##############.##.>.##.# ..#
###....'#.' #.##########
###'#.#..# ..##.......#
##..####..# #.##...#...# ########
#.....###.# #.##.......#
#......###########'# #.##.#...#.#
#.ppp..#...#...#...' #.##...[...#
#.p@p..#....#.#....# ####...#...#
#.pxp..[[..#.#.#!..# ..##.......#
#......##.#.#.#.#.## #.##+####+##
#......#.#.#.#.#.#.# #.#.......#
#......#..#.#.#.#..' #.#.......#
#......#.#.#.#.#.#.#
..+.......######'#####.#.#.#.#.##
###.......'.........#...#.#.#...#
#......)#.........'....#.#....#


You could see 7 vault guards and an unseen horror shaped shifter (invisible).

Vanquished Creatures
  Bai Suzhen (Swamp:3)
  Nikola (Swamp:2)
  A lich (Abyss:2)
  A titan (Vaults:4)
  A quicksilver dragon (Abyss:2)
  An Executioner (Abyss:2)
  A thorn hunter (Swamp:4)
  3 tengu reavers (Vaults:4)
  A sphinx (Vaults:4)
  A tentacled starspawn (Abyss:2)
  Kirke (D:12)
  A nagaraja (Vaults:4)
  A fenstrider witch (Swamp:1)
  3 deep elf sorcerers
  2 fire giants
  8 vault wardens
  2 frost giants
  3 orc warlords
  8 very ugly things
  10 ironbound preservers
  The ghost of pdpol the Marksspriggan, an adept SpHu of Lugonu (Swamp:1)
  2 war gargoyles (Vaults:4)
  2 ironbound thunderhulks
  4 stone giants
  6 eleionomae
  Nessos (D:15)
  A deep elf demonologist (Vaults:4)
  An entropy weaver (Vaults:1)
  A dire elephant (Vaults:1)
  6 bunyips
  Azrael (Orc:2)
  The ghost of Cegin the Spear-Bearer, a journeyman MiBe of Trog (Lair:4)
  Snorg (Orc:2)
  3 ettins
  The ghost of HunfridMar the Eclecticist, a journeyman DECj of Vehumet (Lair:4)
  The ghost of HunfridMar the Eclecticist, a journeyman DECj of Vehumet (Lair:4)
  The ghost of themarg the Cleaver, a journeyman GnCA of Ignis (Lair:3)
  A fire dragon (Lair:5)
  5 yaktaur captains (Vaults:4)
  A deep elf high priest (Vaults:4)
  A shambling mangrove (Swamp:4)
  23 vault guards
  3 great orbs of eyes
  6 boulder beetles
  30 hydras
  A peacekeeper (Vaults:4)
  An ice dragon (D:13)
  2 catoblepae
  5 ironbound frosthearts (Vaults:4)
  2 ghost crabs
  11 centaur warriors
  7 alligators
  3 ogre magi
  Erica (D:11)
  8 two-headed ogres
  A naga warrior (Abyss:2)
  3 death yaks
  A deep troll earth mage (Vaults:4)
  A tengu warrior (D:15)
  A spriggan berserker (Swamp:2)
  3 hell hogs (Abyss:2)
  A deep elf knight (Swamp:2)
  A fire crab (Lair:4)
  Lodul (D:14)
  5 large abominations (Abyss:2)
  2 goliath frogs
  5 spriggan druids
  27 deep trolls
  3 glowing orange brains
  15 swamp dragons
  Pikel (D:5)
  7 wizards
  9 ironbound convokers
  5 lindwurms
  6 bog bodies
  2 phantasmal warriors (Vaults:4)
  The ghost of lambentLogic the Covert, a novice KoEn (D:7)
  8 orc knights
  A fire giant zombie (Vaults:4)
  A stone giant zombie (Orc:1)
  3 orc sorcerers (Orc:2)
  4 deep elf pyromancers
  3 necromancers
  A tengu skeleton (Vaults:4)
  17 ugly things
  5 oklob plants (Lair:3)
  16 cyclopes
  A wolf spider (Lair:3)
  A human zombie (Vaults:4)
  5 manticores
  3 will-o-the-wisps
  A salamander (shapeshifter) (D:13)
  6 black mambas
  A guardian serpent (Abyss:2)
  6 elephants
  Joseph (D:7)
  10 vault sentinels
  An ice statue (IceCv)
  15 cane toads
  3 gargoyles
  2 molten gargoyles (Lair:5)
  2 torpor snails (Lair:4)
  A komodo dragon (shapeshifter) (D:13)
  Maggie (D:6)
  12 komodo dragons
  An efreet (D:13)
  An anaconda simulacrum (IceCv)
  11 yaktaurs
  3 kobold demonologists (D:13)
  10 ice devils (IceCv)
  5 freezing wraiths (IceCv)
  2 queen bees
  9 tyrant leeches
  5 polar bears
  6 trolls
  A polar bear (shapeshifter) (D:13)
  6 blink frogs
  18 hornets
  4 raiju (Abyss:2)
  2 slime creatures (Vaults:4)
  A deep troll zombie (Vaults:4)
  A slime creature (shapeshifter) (D:13)
  8 dream sheep
  A centaur simulacrum (D:10)
  Sigmund (D:5)
  A shadow (D:10)
  11 starcursed masses (Abyss:2)
  A spriggan (shapeshifter) (D:13)
  A vampire (D:13)
  4 wraiths
  60 yaks
  A culicivora (shapeshifter) (Vaults:4)
  17 spriggans
  A dire elephant simulacrum (IceCv)
  2 culicivoras (Vaults:1)
  9 wyverns
  4 fire elementals (Orc:2)
  7 basilisks
  An unseen horror simulacrum (D:10)
  7 hogs (D:12)
  5 vampire mosquitoes
  A neqoxec (Abyss:2)
  A redback (Vaults:1)
  5 death yak simulacra (IceCv)
  3 steam dragons
  3 harpy simulacra (IceCv)
  4 nagas (Abyss:2)
  5 wargs
  13 swamp worms
  5 acid dragons
  An ogre skeleton (Vaults:4)
  5 hell hounds
  A hydra simulacrum (IceCv)
  20 water moccasins
  4 ice beasts
  30 orc warriors
  A sky beast (D:7)
  3 swamp drakes (Swamp:4)
  22 ogres
  A black bear (shapeshifter) (D:13)
  3 black bears
  27 wolves
  A small abomination (Abyss:2)
  4 centaurs
  A phantom (D:5)
  A kobold brigand (D:9)
  14 bullfrogs
  4 scorpions
  3 cyclops zombies (Orc:1)
  3 two-headed ogre simulacra (IceCv)
  5 cane toad simulacra (IceCv)
  5 wights (D:7)
  3 elephant simulacra (IceCv)
  49 killer bees
  6 howler monkeys
  3 electric eels
  6 lava snakes
  2 hounds (D:5)
  2 gnoll boudas (D:6)
  15 orc priests
  4 jellies
  6 iguanas
  An iron imp (Abyss:2)
  29 orc wizards
  A spriggan simulacrum (IceCv)
  7 polar bear simulacra
  4 wolf simulacra
  5 gnolls
  8 adders
  A shadow imp (D:7)
  2 white imps
  2 ufetubi
  3 dart slugs
  98 orcs
  5 ball pythons
  4 endoplasms
  3 giant cockroaches
  9 goblins
  12 hobgoblins
  2 quokkas
  9 bats
  3 frilled lizards
  2 goblin zombies (D:7)
  2 hobgoblin zombies (D:7)
  12 kobolds
  2 kobold skeletons (D:7)
  A kobold zombie (D:7)
  An orc skeleton (D:7)
  3 rats
  A briar patch (Swamp:4)
1183 creatures vanquished.

Vanquished Creatures (others)
  A cane toad (Lair:5)
  2 bloated husks
  A swamp drake (Swamp:4)
  A white imp (Abyss:2)
  An orc (Orc:2)
  13 foxfires (Swamp:2)
  12 fungi
  41 plants
  2 starspawn tentacles (Abyss:2)
  4 withered plants (Lair:4)
78 creatures vanquished.

Grand Total: 1261 creatures vanquished

Notes
Turn   | Place    | Note
-------+----------+-------------------------------------------
     0 | D:1      | Icepheonix32 the Minotaur Fighter began the quest for the
                  | Orb.
     0 | D:1      | Reached XP level 1. HP: 19/19 MP: 0/0
   226 | D:1      | Reached skill level 4 in Fighting
   226 | D:1      | Reached XP level 2. HP: 27/27 MP: 1/1
   760 | D:1      | Found a faded altar of an unknown god.
   813 | D:1      | Reached XP level 3. HP: 32/33 MP: 2/2
  1104 | D:2      | Found a hide-covered altar of Uskayaw.
  1364 | D:2      | Found the +3 crown of Dyrovepreva {rElec Int+2 SInv}
  1599 | D:2      | Gained mutation: You have hidden genetic potential. [potion
                  | of mutation]
  2089 | D:3      | Reached XP level 4. HP: 41/41 MP: 3/3
  2167 | D:3      | Reached skill level 1 in Maces & Flails
  2521 | D:4      | Noticed a scorpion
  2530 | D:3      | Killed a scorpion
  2531 | D:3      | Reached XP level 5. HP: 47/47 MP: 4/4
  2547 | D:4      | Identified the +7 hand axe "Giantslayer" {elec, rF+ rN+
                  | Will+}
  2700 | D:4      | Noticed a black bear
  2709 | D:4      | Killed a black bear
  2710 | D:4      | Reached skill level 5 in Fighting
  2710 | D:4      | Reached skill level 5 in Armour
  2722 | D:4      | Gained mutation: Your flesh is cold resistant. (rC+)
                  | [hidden potential]
  2772 | D:4      | Found a snail-covered altar of Cheibriados.
  2880 | D:4      | Reached XP level 6. HP: 50/56 MP: 5/5
  3206 | D:5      | Entered Level 5 of the Dungeon
  3210 | D:5      | Noticed Sigmund
  3218 | D:5      | Reached skill level 1 in Dodging
  3222 | D:5      | Noticed an ice beast
  3224 | D:5      | Killed Sigmund
  3225 | D:5      | Reached skill level 1 in Stealth
  3225 | D:5      | Reached XP level 7. HP: 51/61 MP: 6/6
  3231 | D:5      | Reached skill level 5 in Maces & Flails
  3240 | D:5      | Gained mutation: Your mind is acute. (Int +4, Str/Dex -1)
                  | [hidden potential]
  3240 | D:5      | Lost mutation: You have hidden genetic potential. [hidden
                  | potential expressed]
  3385 | D:5      | Noticed Pikel
  3404 | D:5      | Killed Pikel
  3405 | D:5      | Reached skill level 6 in Fighting
  3405 | D:5      | Reached XP level 8. HP: 33/71 MP: 7/7
  4058 | D:6      | Noticed Maggie
  4078 | D:6      | Killed Maggie
  4079 | D:6      | Reached skill level 1 in Throwing
  4454 | D:6      | Found a staircase to the Ecumenical Temple.
  4488 | Temple   | Entered the Ecumenical Temple
  4591 | D:6      | Reached skill level 7 in Fighting
  4591 | D:6      | Reached skill level 5 in Shields
  5191 | D:6      | Reached XP level 9. HP: 74/79 MP: 8/8
  5527 | D:7      | Found a glowing golden altar of the Shining One.
  5672 | D:7      | Found a large runed translucent door.
  5672 | D:7      | Found a large runed translucent door.
  5961 | D:7      | Noticed lambentLogic's ghost (novice KoEn)
  5977 | D:7      | Noticed Joseph
  5989 | D:7      | Killed Joseph
  5990 | D:7      | Reached skill level 8 in Fighting
  6355 | D:8      | Found a staircase to the Lair.
  6358 | D:8      | Reached skill level 10 in Maces & Flails
  6391 | D:8      | Found a glowing silver altar of Zin.
  6418 | D:8      | Reached skill level 9 in Fighting
  6456 | D:8      | Reached XP level 10. HP: 88/91 MP: 9/9
  6480 | D:8      | Found a sacrificial altar of Ru.
  6608 | D:8      | Found a white marble altar of Elyvilon.
  6896 | D:8      | Found a sparkling altar of Nemelex Xobeh.
  6897 | D:8      | Found an ancient bone altar of Kikubaaqudgha.
  7223 | D:8      | Found an iron altar of Okawaru.
  7264 | D:8      | Became a worshipper of Warmaster Okawaru
  7400 | D:9      | Reached skill level 1 in Invocations
  7602 | D:9      | Reached * piety under Okawaru
  7607 | D:9      | Reached skill level 10 in Fighting
  7863 | D:9      | Noticed a two-headed ogre
  7877 | D:9      | Killed a two-headed ogre
  7877 | D:9      | Reached ** piety under Okawaru
  8218 | D:9      | Identified the +4 glaive of the Thirteen Xeniums {spect,
                  | rPois}
  8218 | D:9      | Noticed a centaur warrior
  8226 | D:9      | Identified a scroll of acquirement
  8226 | D:9      | Acquired 803 gold pieces
  8242 | D:9      | Lost mutation: Your flesh is cold resistant. (rC+) [potion
                  | of mutation]
  8242 | D:9      | Lost mutation: Your mind is acute. (Int +4, Str/Dex -1)
                  | [potion of mutation]
  8242 | D:9      | Gained mutation: You sometimes lose your temper in combat.
                  | [potion of mutation]
  8242 | D:9      | Gained mutation: Your muscles are strong. (Str +4, Int/Dex
                  | -1) [potion of mutation]
  8263 | D:9      | Killed a centaur warrior
  8568 | D:9      | Noticed a centaur warrior
  8575 | D:9      | Killed a centaur warrior
  8576 | D:9      | Reached skill level 11 in Fighting
  8576 | D:9      | Reached XP level 11. HP: 90/102 MP: 12/12
  8636 | D:9      | Reached *** piety under Okawaru
  8743 | D:9      | Identified the +3 quarterstaff "Kafoi" {venom, rElec rPois
                  | Str+4}
  8743 | D:9      | Noticed a centaur warrior
  8751 | D:9      | Killed a centaur warrior
  8752 | D:9      | Reached skill level 5 in Dodging
  8823 | D:9      | Noticed a wizard
  8837 | D:9      | Killed a wizard
  8878 | D:9      | Noticed a green ugly thing
  8878 | D:9      | Noticed a green ugly thing
  8887 | D:9      | Killed a green ugly thing
  8887 | D:9      | Reached **** piety under Okawaru
  8892 | D:9      | Killed a green ugly thing
  9058 | D:9      | Reached skill level 1 in Staves
  9292 | D:10     | Entered Level 10 of the Dungeon
  9382 | D:10     | Found a staircase to the Orcish Mines.
  9688 | D:10     | Reached ***** piety under Okawaru
  9774 | D:10     | Noticed a two-headed ogre
  9797 | D:10     | Killed a two-headed ogre
 10046 | D:10     | Reached skill level 12 in Fighting
 10046 | D:10     | Reached skill level 5 in Staves
 10046 | D:10     | Reached skill level 10 in Armour
 10309 | D:10     | Reached skill level 5 in Invocations
 10441 | D:10     | Noticed a two-headed ogre
 10452 | D:10     | Killed a two-headed ogre
 10977 | D:11     | Noticed a five-headed hydra
 10986 | D:10     | Killed a five-headed hydra
 10986 | D:10     | Identified the +8 crystal plate armour "Cexydae" {rElec
                  | MP+9 Int+4} (Okawaru gifted it to you on level 10 of the
                  | Dungeon)
 10986 | D:10     | Received a gift from Okawaru
 10987 | D:10     | Reached XP level 12. HP: 94/112 MP: 14/14
 11188 | D:11     | Noticed a two-headed ogre
 11197 | D:11     | Killed a two-headed ogre
 11441 | D:11     | Noticed Erica
 11449 | D:11     | Killed Erica
 11663 | D:12     | Noticed a four-headed hydra
 11663 | D:12     | Noticed a two-headed ogre
 11671 | D:12     | Killed a four-headed hydra
 11676 | D:12     | Killed a two-headed ogre
 12101 | D:12     | Noticed a six-headed hydra
 12105 | D:12     | Killed a six-headed hydra
 12237 | D:12     | Found Ystiuworph's Antique Armour Shop.
 12244 | D:12     | Bought a dazzling chain mail for 351 gold pieces
 12244 | D:12     | Identified the +0 chain mail "Muhapper" {rN+ Regen+ Int+2}
                  | (You bought it in a shop on level 12 of the Dungeon)
 12244 | D:12     | Bought an embroidered cloak for 277 gold pieces
 12329 | D:12     | Noticed a two-headed ogre
 12336 | D:12     | Killed a two-headed ogre
 12354 | D:12     | Noticed Kirke
 12374 | D:12     | Killed Kirke
 12375 | D:12     | Reached skill level 13 in Fighting
 12375 | D:12     | Reached skill level 1 in Evocations
 12536 | D:12     | Found a portal to a secret trove of treasure.
 13132 | D:13     | Received a gift from Okawaru
 13194 | D:13     | Noticed an ettin
 13194 | D:13     | Noticed a vault guard
 13194 | D:13     | Noticed an ice dragon
 13202 | D:13     | Killed an ice dragon
 13209 | D:13     | Killed a vault guard
 13214 | D:13     | Killed an ettin
 13391 | D:13     | Found a gate to the Vaults.
 13470 | D:13     | Noticed a centaur warrior
 13471 | D:13     | Reached skill level 10 in Staves
 13473 | D:13     | Reached XP level 13. HP: 122/122 MP: 16/16
 13571 | D:13     | Reached ****** piety under Okawaru
 13854 | D:13     | Reached skill level 14 in Fighting
 13856 | D:13     | Received a gift from Okawaru
 14869 | Lair:1   | Entered Level 1 of the Lair of Beasts
 15766 | Lair:2   | Received a gift from Okawaru
 16526 | Lair:2   | Reached skill level 15 in Fighting
 16868 | Orc:1    | Entered Level 1 of the Orcish Mines
 16915 | Orc:1    | Reached XP level 14. HP: 108/135 MP: 19/19
 17748 | Orc:1    | Identified the +8 quick blade of the Owl {venom, +Blink
                  | Will++ Int+2} (Okawaru gifted it to you on level 1 of the
                  | Orcish Mines)
 17748 | Orc:1    | Received a gift from Okawaru
 18130 | Orc:1    | Reached skill level 5 in Evocations
 18266 | Orc:1    | Noticed a fire giant
 18284 | Orc:1    | Killed a fire giant
 18713 | Orc:1    | Identified the +5 demon whip of Idep Piu {pain, +Blink Fly
                  | Int+2}
 18714 | Orc:1    | Identified the +9 glaive "Ryugusic" {flame, Dex+3}
 18716 | Orc:1    | Identified the +0 sling "Nitavog" {vorpal, Contam rPois
                  | Int+7 SInv}
 18720 | Orc:1    | Identified the +7 halberd "Qoomif" {freeze, Str+5}
 18721 | Orc:1    | Identified the +5 war axe "Sohon" {vorpal, Dex+2 Stlth+}
 18724 | Orc:1    | Identified the +11 flail of Devotion {drain, rC+ SInv}
 19090 | Orc:2    | Entered Level 2 of the Orcish Mines
 19102 | Orc:2    | Found a staircase to the Elven Halls.
 19239 | Orc:2    | Found Ifoodies's Book Shop.
 19331 | Orc:2    | Received a gift from Okawaru
 19334 | Orc:2    | Noticed Snorg
 19342 | Orc:2    | Killed Snorg
 19493 | Orc:2    | Noticed Azrael
 19510 | Orc:2    | Killed Azrael
 19805 | Orc:2    | Found Arusavum's Weapon Boutique.
 20127 | Orc:2    | Noticed an orc warlord
 20167 | Orc:2    | Killed an orc warlord
 20491 | Orc:2    | Found Tietut's Antique Weapon Shoppe.
 20493 | Orc:2    | Found Nysehopp's Antique Armour Emporium.
 20678 | Orc:2    | Acquired 1040 gold pieces
 20749 | Orc:2    | Bought glowing ice dragon scales for 1890 gold pieces
 20764 | Orc:2    | Bought a glowing scale mail for 210 gold pieces
 20816 | Orc:1    | Reached skill level 16 in Fighting
 21346 | D:14     | Noticed Lodul
 21354 | D:14     | Killed Lodul
 22312 | D:15     | Entered Level 15 of the Dungeon
 22336 | D:15     | Reached XP level 15. HP: 120/145 MP: 21/21
 22349 | D:15     | Identified the ring "Rori" {rF+ Str+6 Dex+5}
 22457 | D:15     | Received a gift from Okawaru
 22605 | D:15     | Noticed Nessos
 22627 | D:15     | Killed Nessos
 22800 | D:15     | Found a staircase to the Depths.
 22848 | D:15     | Acquired the amulet "Usul" {Reflect Str+4 Int+4 SH+5}
 23889 | Lair:3   | Found a transporter.
 23889 | Lair:3   | Found a transporter.
 23914 | Lair:3   | Found a hole to the Spider Nest.
 24667 | Lair:3   | Noticed themarg's ghost (journeyman GnCA)
 24889 | Lair:3   | Reached skill level 17 in Fighting
 25192 | Lair:3   | Found a staircase to the Swamp.
 25369 | Lair:3   | Killed themarg's ghost
 25369 | Lair:3   | Received a gift from Okawaru
 25728 | Lair:4   | Found a runed translucent gate.
 25729 | Lair:4   | Found a runed translucent gate.
 25730 | Lair:4   | Found a runed translucent gate.
 25746 | Lair:4   | Noticed Cegin's ghost (journeyman MiBe)
 25746 | Lair:4   | Noticed HunfridMar's ghost (journeyman DECj)
 25746 | Lair:4   | Noticed HunfridMar's ghost (journeyman DECj)
 26217 | Lair:4   | Reached skill level 10 in Invocations
 26828 | Lair:5   | Entered Level 5 of the Lair of Beasts
 26828 | Lair:5   | Found a frozen archway.
 26862 | IceCv    | Entered an ice cave
 27265 | IceCv    | Found an ancient bone altar of Kikubaaqudgha.
 27310 | IceCv    | Identified the +5 plate armour of Offietry {Rampage Regen+
                  | Int-3} (Okawaru gifted it to you in an ice cave)
 27310 | IceCv    | Received a gift from Okawaru
 27673 | IceCv    | Reached XP level 16. HP: 137/157 MP: 22/22
 27748 | IceCv    | Found the +2 Maxwell's thermic engine {flame, freeze}
 27780 | IceCv    | Identified the ring "Saqofy" {rN+ Dex+2}
 28044 | Lair:5   | Reached skill level 15 in Maces & Flails
 28048 | Lair:5   | Reached skill level 18 in Fighting
 28657 | Lair:5   | Found a staircase to the Slime Pits.
 29001 | Lair:5   | Found a large runed translucent door.
 29001 | Lair:5   | Found a large runed translucent door.
 29378 | Lair:4   | Killed HunfridMar's ghost
 29383 | Lair:4   | Killed Cegin's ghost
 29394 | Lair:4   | Killed HunfridMar's ghost
 29853 | D:7      | Killed lambentLogic's ghost
 30314 | Swamp:1  | Entered Level 1 of the Swamp
 30339 | Swamp:1  | Found a runed translucent door.
 30342 | Swamp:1  | Noticed pdpol's ghost (adept SpHu)
 30371 | Swamp:1  | Killed pdpol's ghost
 31582 | Swamp:1  | Received a gift from Okawaru
 31777 | Swamp:2  | Reached skill level 19 in Fighting
 31906 | Swamp:2  | Reached skill level 15 in Armour
 32839 | Swamp:2  | Noticed Nikola
 32854 | Swamp:2  | Killed Nikola
 33256 | Swamp:3  | Noticed Bai Suzhen
 33270 | Swamp:3  | HP: 4/160 [alligator (12)]
 33274 | Swamp:3  | Killed Bai Suzhen
 33274 | Swamp:3  | Received a gift from Okawaru
 33275 | Swamp:3  | Reached XP level 17. HP: 18/168 MP: 24/24
 34341 | Swamp:3  | HP: 8/168 [poison (poison gas)]
 35044 | Swamp:4  | Entered Level 4 of the Swamp
 35724 | Swamp:3  | Received a gift from Okawaru
 35749 | Swamp:4  | Found a basalt altar of Yredelemnul.
 37396 | Swamp:4  | Got a decaying rune of Zot
 37840 | Swamp:4  | Received a gift from Okawaru
 38149 | Vaults:1 | Entered Level 1 of the Vaults
 38284 | Vaults:1 | Reached skill level 20 in Fighting
 39282 | Vaults:1 | Identified the +8 quarterstaff "Fudar" {venom, rC+ rCorr}
                  | (Okawaru gifted it to you on level 1 of the Vaults)
 39282 | Vaults:1 | Received a gift from Okawaru
 39671 | Vaults:1 | Reached XP level 18. HP: 179/179 MP: 25/25
 40281 | Vaults:2 | You fall into a shaft and drop 2 floors!
 40477 | Vaults:4 | Identified the +14 plate armour of Ninaxt {Rampage rF+
                  | Str+3} (Okawaru gifted it to you on level 4 of the Vaults)
 40477 | Vaults:4 | Received a gift from Okawaru
 40896 | Vaults:4 | Paralysed by a great orb of eyes for 4 turns
 41890 | Vaults:4 | Reached skill level 21 in Fighting
 42113 | Vaults:4 | Identified the +8 eveningstar of Death's Door {spect, MP+9}
                  | (Okawaru gifted it to you on level 4 of the Vaults)
 42113 | Vaults:4 | Received a gift from Okawaru
 42641 | Vaults:4 | Reached skill level 10 in Evocations
 42689 | Vaults:4 | Reached XP level 19. HP: 64/189 MP: 27/27
 43143 | Vaults:4 | Identified the +0 tower shield of Daffodils {rN+ Slay+3}
                  | (Okawaru gifted it to you on level 4 of the Vaults)
 43143 | Vaults:4 | Received a gift from Okawaru
 43535 | Abyss:2  | Cast into level 2 of the Abyss (a deep elf sorcerer)
 43615 | Abyss:2  | Found a corrupted altar of Lugonu.
 43647 | Abyss:2  | Gained mutation: You are frail. (-10% HP) [a neqoxec]
 43690 | Abyss:2  | Reached skill level 10 in Shields
 43725 | Vaults:4 | Escaped the Abyss
 44336 | Vaults:4 | Identified the +5 robe of the Storm King {Fly Str+2 SInv}
 44340 | Vaults:4 | Identified the +6 ring mail of Duck's Teeth {Stlth+}
 44428 | Vaults:5 | Entered Level 5 of the Vaults
 44569 | Vaults:5 | Lost mutation: Your muscles are strong. (Str +4, Int/Dex
                  | -1) [a shining eye]
 44597 | Vaults:4 | HP: 4/256 [vault guard/+2 war axe (17)]
 44597 | Vaults:4 | Slain by a vault guard

Illustrated notes

Levels and vault maps discovered:
D:1:      dpeg_arrival_renting, layout_loops_ring,
          shapermc_ecumenical_altar_mp_urbaneastern, minmay_three_crescents
D:2:      layout_basic, basic_altar, chequers_jeans
D:3:      layout_basic
D:4:      layout_loops_ring, cheibriados_altar_1, serial_rivers,
          chequers_serial_rivers_small_a, chequers_serial_rivers_room_a,
          chequers_serial_rivers_micro_e, chequers_serial_rivers_large_b,
          chequers_serial_rivers_micro_b
D:5:      layout_basic, grunt_decor_junction, hangedman_abyss_or_decor_stabs,
          uniq_pikel, uniq_sigmund
D:6:      layout_layer_cave, minmay_temple_entry_grid, grunt_tough_drop,
          uniq_maggie
D:7:      layout_rooms, nicolae_tso_besieged_by_evil,
          ebering_ghost_disaster_area, uniq_joseph
D:8:      layout_loops_ring, chequers_temple_overflow_statue_of_worship,
          nicolae_ru_great_annihilating_truth,
          mainiacjoe_overflow_large_starburst, lair_entry_dummy
D:9:      minmay_the_grid_triangle_9x9_rhombus_thin
          [minmay_the_grid_triangle_9x9_minimal,
          minmay_the_grid_triangle_9x9_prize_schism,
          minmay_the_grid_triangle_9x9_zippers_horizontal,
          minmay_the_grid_triangle_9x9_swiss_cheese], layout_basic
D:10:     layout_small_grid, david_orc_2, serial_ice, serial_ice_a,
          serial_ice_j, serial_ice_n, serial_ice_o, special_room
          [special_room_bee]
D:11:     layout_rooms, uniq_erica
D:12:     layout_stronghold, nicolae_trove_entry_crossroad, serial_shops,
          nicolae_square_shop, uniq_kirke
D:13:     minmay_imperfect_grid, layout_small_grid, david_vaults_4
D:14:     layout_irregular_city, fountainhead, columned_hall_lemuel, uniq_lodul
D:15:     grunt_enter_depths_giant_problem, layout_cave_pools, nicolae_sextant,
          uniq_nessos
Temple:   nicolae_temple_ecumenical_triangle
Lair:1:   layout_roguey, infiniplex_staircase_pool_2
Lair:2:   kb_forest_paths, layout_regular_city, dreamdust_wasp_nest
Lair:3:   minmay_lair_oklob_chamber, layout_regular_city,
          palyth_hydra_swamp_entry, spider_nest_entry_rubble,
          gammafunk_ghost_hive
Lair:4:   nzn_winding_woodlands_stair_cross
          [nzn_winding_woodlands_5x15_split_checker,
          nzn_winding_woodlands_center_garden, nzn_winding_woodlands_5x15_cabin,
          nzn_winding_woodlands_5x5_open_star, nzn_winding_woodlands_5x5_cross,
          nzn_winding_woodlands_5x15_concentric,
          nzn_winding_woodlands_center_pierced_h,
          nzn_winding_woodlands_5x15_garden], layout_layer_cave,
          gammafunk_ghost_cemetery
Lair:5:   cheibrodos_lair_end_hotspot, layout_layer_cave, slime_entry_1,
          portal_ice_cave_entry_ice_simulacra, nicolae_lair_yak_garden
Swamp:1:  layout_basic_swamp, hellmonk_ghost_happy_afterlife,
          nicolae_swamp_round_clearing, swamp_pool4
Swamp:2:  cheibrodos_swamp_heart_of_darkness, layout_falls_marsh,
          hangedman_swamp_diagram, uniq_nikola
Swamp:3:  layout_falls_marsh, serial_swamp_ruin, evilmike_swamp_ruin_house_2,
          hangedman_swamp_ruin_wall, evilmike_swamp_ruin_house_4, swamp_pool4,
          uniq_bai_suzhen
Swamp:4:  swamp_alternative, layout_basic_swamp, swamp_pool4, grunt_ruined_hall
Orc:1:    giant_chief_lemuel, layout_caves
Orc:2:    grunt_orc_community_town_hall, layout_caves,
          grunt_orc_community_big_house_1, grunt_orc_community_big_house_1,
          grunt_orc_community_house_2, grunt_orc_community_house_2,
          grunt_orc_community_house_2, grunt_orc_community_house_3,
          grunt_orc_community_house_2, uniq_azrael, uniq_snorg
Vaults:1: ontoclasm_vaults_idyll, v_pattern_4, grunt_vaults_hallway_short,
          st_spiral_rooms, nicolae_vaults_circle_grid_a, v_misc_3, v_misc_2,
          nicolae_vaults_diagonal_hallway_7, layout_vaults_omnigrid
Vaults:2: v_alt_pattern_2, nicolae_vaults_big_ls, ontoclasm_vaults_ligature,
          nicolae_vaults_mini_display_case, hangedman_vaults_stagger, v_misc_8,
          nicolae_vaults_network_star, v_alt_pattern_4,
          ontoclasm_vaults_decontamination, v_rooms_6, nicolae_vaults_rhombus_7,
          vaults_room_pools, layout_vaults_big_cross
Vaults:4: st_greater_box_3, nicolae_vaults_network_periphery, v_pattern_3,
          ontoclasm_vaults_shuriken, ontoclasm_vaults_loading_screen, v_misc_28,
          nicolae_vaults_little_squares_2, nicolae_vaults_disjoint_gnomons,
          vaults_dpeg_doors, v_alt_pattern_4, ontoclasm_vaults_pinch,
          vaults_room_stairs_pillars, ontoclasm_vaults_ring_small,
          vaults_room_hallway, hangedman_vaults_stream, layout_vaults_maze
Vaults:5: serial_shops

Skill      XL: |  1  2  3  4  5  6  7  8  9 10 11 12 13 14 15 16 17 18 19 |
---------------+----------------------------------------------------------+-----
Fighting       | 4 5 6 7 9 11 12 13 15 16 17 19 20 21 | 21.7
Armour         | 4 5 7 8 9 10 11 12 13 15 17 18 19 | 19.0
Shields        | 4 5 9 11 | 11.2
Maces & Flails | 2 3 4 6 8 10 12 13 14 15 16 17 | 17.3
Dodging        | 1 2 4 6 7 8 |  8.1
Stealth        | 1 2 3 |  3.6
Throwing       | 1 2 3 4 |  4.6
Invocations    | 3 5 6 8 9 10 11 12 | 12.6
Staves         | 6 10 11 12 | 12.5
Evocations     | 2 4 6 7 8 9 10 | 10.1
Axes           | |  2.9

Action                   |  1- 3 |  4- 6 |  7- 9 | 10-12 | 13-15 | 16-18 | 19-21 || total
-------------------------+-------+-------+-------+-------+-------+-------+-------++-------
Melee: War axe           |    51 |       |       |       |       |       |       ||    51
       Headbutt          |    10 |    12 |    40 |    99 |   286 |   316 |    46 ||   809
       Mace              |    37 |    58 |   172 |       |       |       |     3 ||   270
       Flail             |       |       |    46 |   155 |   705 |  1092 |    77 ||  2075
       Quarterstaff      |       |       |       |   317 |   463 |       |       ||   780
       Eveningstar       |       |       |       |       |       |    17 |    79 ||    96
Throw: Boomerang         |       |     3 |       |    24 |    49 |    35 |       ||   111
Invok: Heroism           |       |       |       |       |     1 |     1 |       ||     2
Evoke: Wand              |       |       |     1 |     2 |     2 |    15 |     1 ||    21
       Condenser vane    |       |       |       |     1 |     1 |     3 |       ||     5
  Use: Scroll            |     5 |     1 |     5 |     9 |     7 |    11 |     3 ||    41
       Potion            |     1 |     5 |     2 |     3 |     4 |     9 |     3 ||    27
 Stab: Paralysed         |       |       |       |     2 |       |       |       ||     2
       Distracted        |       |       |       |       |       |     2 |     1 ||     3
Armor: Scale mail        |    53 |    35 |    20 |   159 |   274 |       |       ||   541
       Swamp dragon scal |       |       |    60 |    77 |       |       |       ||   137
       Skin              |       |       |       |     3 |       |       |       ||     3
       Crystal plate arm |       |       |       |       |   221 |   683 |       ||   904
       Plate armour      |       |       |       |       |       |   124 |   140 ||   264
Dodge: Dodged            |    39 |    33 |   133 |   399 |   642 |   502 |    97 ||  1845
Block: Buckler           |    23 |     8 |    19 |       |   207 |   365 |       ||   622
       Reflection        |       |       |       |       |     1 |    36 |     1 ||    38
       Kite shield       |       |       |       |       |       |   340 |   163 ||   503
